 Dungeon Crawl Stone Soup version 0.21-a0-2-ge494091 (webtiles) character file.

305 nikopol the Skirmisher (level 6, -2/39 HPs)
             Began as a Gargoyle Berserker on May 21, 2017.
             Was a Believer of Trog.
             Slain by a scorpion (4 damage)
             ... on level 3 of the Dungeon.
             The game lasted 00:04:26 (2441 turns).

nikopol the Skirmisher (Gargoyle Berserker)         Turns: 2441, Time: 00:04:27

Health: -2/39      AC: 11    Str: 20    XL:     6   Next: 39%
Magic:  6/6        EV: 11    Int:  8    God:    Trog [**....]
Gold:   177        SH:  0    Dex: 11    Spells: 5/5 levels left

rFire    . . .     SeeInvis .   a - +0 hand axe
rCold    . . .     Gourm    .   (no shield)
rNeg     + . .     Faith    .   m - +0 scale mail
rPois    ∞         Spirit   .   (no helmet)
rElec    +         Reflect  .   (no cloak)
rCorr    .         Harm     .   (no gloves)
MR       .....                  (no boots)
Stlth    ..........             (no amulet)
Regen    0.2/turn               (no ring)
MPRegen  0.1/turn               (no ring)

@: slowed, very slow
A: negative energy resistance 1, electricity resistance, unbreathing,
petrification resistance, rot immunity, AC +4
a: Berserk, Trog's Hand, Burn Spellbooks, Renounce Religion


You were on level 3 of the Dungeon.
You worshipped Trog.
Trog was pleased with you.
You were hungry.

You visited 1 branch of the dungeon, and saw 4 of its levels.

You collected 177 gold pieces.

Inventory:

Hand Weapons
 a - a +0 hand axe (weapon)
Missiles
 j - 18 arrows (quivered)
Armour
 b - a +0 animal skin
 m - a +0 scale mail (worn)
Scrolls
 d - 2 scrolls of random uselessness {unknown}
 e - 7 scrolls of identify {unknown}
 f - 2 scrolls of remove curse {unknown}
 n - a scroll of amnesia {unknown}
 o - a scroll of fear {unknown}
 p - a scroll of fog {unknown}
 q - a scroll of blinking {unknown}
 r - a scroll of teleportation {unknown}
 t - a scroll of immolation {unknown}
 w - a scroll of noise {unknown}
Potions
 g - a potion of resistance {unknown}
 i - a potion of flight {unknown}
 k - 3 potions of might {unknown}
 s - a potion of haste {unknown}
 u - a potion of curing
 v - a potion of mutation {unknown}
Comestibles
 c - 3 bread rations
 h - 4 meat rations
 l - a royal jelly
 x - 3 chunks of flesh


   Skills:
 + Level 4.7 Fighting
 + Level 3.9 Axes
 + Level 3.8 Armour
 + Level 3.1 Dodging


You had 5 spell levels left.
You didn't know any spells.

Dungeon Overview and Level Annotations

Branches:
Dungeon (4/15)
 Temple: D:4-7

Altars:


Innate Abilities, Weirdness & Mutations

You are resistant to torment.
Your stone body is resilient. (AC +4)
You are immune to poison.
You resist negative energy. (rN+)
You are resistant to electric shocks. (rElec)
You can survive without breathing.
You are immune to petrification.
You are immune to rotting.


Message History

* * * LOW HITPOINT WARNING * * *
The scorpion closely misses you.
There is an open door here.
The scorpion stings you but does no damage.
The scorpion closely misses you.
There is a stone staircase leading up here.
The scorpion closely misses you. The iguana bites you!
* * * LOW HITPOINT WARNING * * *
You climb upwards.
There is a stone staircase leading down here.
You barely miss the scorpion.
The scorpion is moderately wounded.
The scorpion stings you but does no damage.
The scorpion misses you.
You hit the scorpion.
The scorpion is moderately wounded.
The scorpion stings you.
* * * LOW HITPOINT WARNING * * *
The scorpion stings you.
You die...

###..######.## ###.....###. #.##
#..# ##......## #. #.# ##.#
#..#...#####. #.# ##.####..#...#
#... ####.#######........#...#
#..#
#............#...####...###..#
#........#####...####.........
#..).....# ##.#...#......#...
#.)......####@s###............
#.............#####.#.........
####.............................
.##.....................<........
.....................###.........
.............................#...
..................#####....######
........#...##.).............>...
.......########...#####.......###


You could see a scorpion.

Vanquished Creatures
  An ogre (D:4)
  A howler monkey (D:3)
  An orc priest (D:3)
  An orc wizard (D:3)
  Terence (D:2)
  2 adders (D:2)
  A worm (D:2)
  4 dart slugs
  6 leopard geckos
  8 orcs (D:3)
  A ball python (D:2)
  8 giant cockroaches
  3 hobgoblins
  9 kobolds
  3 quokkas
  3 bats
  A frilled lizard (D:2)
  A goblin (D:1)
  4 rats
59 creatures vanquished.

Notes
Turn   | Place    | Note
-------+----------+-------------------------------------------
     0 | D:1      | nikopol the Gargoyle Berserker began the quest for the Orb.
     0 | D:1      | Reached XP level 1. HP: 14/14 MP: 1/1
   191 | D:1      | Reached XP level 2. HP: 18/19 MP: 2/2
   693 | D:1      | Reached XP level 3. HP: 20/23 MP: 3/3
  1096 | D:2      | Noticed Terence
  1105 | D:2      | Reached ** piety under Trog
  1107 | D:2      | Killed Terence
  1107 | D:2      | Reached XP level 4. HP: 18/29 MP: 4/4
  1685 | D:3      | Reached skill level 4 in Fighting
  1779 | D:3      | Reached XP level 5. HP: 13/33 MP: 5/5
  2410 | D:4      | Noticed an ogre
  2418 | D:4      | Killed an ogre
  2418 | D:4      | Reached XP level 6. HP: 37/39 MP: 6/6
  2441 | D:3      | Slain by a scorpion

Vault maps used:
D:1:      dpeg_arrival_three_same_balls
D:2:      uniq_terence
D:3:      first_bread
D:4:      minmay_misc_feat_iff, nicolae_dithmenos_the_darkroom

Skill      XL: |  1  2  3  4  5 |
---------------+----------------+-----
Axes           | 3 |  3.9
Dodging        | 2 3 |  3.1
Fighting       | 4 |  4.7
Armour         | 3 |  3.8

Action                   |  1- 3 |  4- 6 || total
-------------------------+-------+-------++-------
Melee: Hand axe          |   109 |   121 ||   230
Invok: Berserk           |     1 |     2 ||     3
  Eat: Chunk             |     1 |     6 ||     7
Armor: Animal skin       |    41 |       ||    41
       Scale mail        |       |    69 ||    69
Dodge: Dodged            |    83 |    64 ||   147
